 Dungeon Crawl Stone Soup version 0.27-a0-1065-ge809cff456 (webtiles) character file.

Game seed: 9918456065322221628

167 kae the Ruffian (level 5, 0/42 HPs)
             Began as a Draconian Transmuter on Apr 22, 2021.
             Slain by a black bear (2 damage)
             ... on level 3 of the Dungeon.
             The game lasted 00:01:33 (3893 turns).

kae the Ruffian (Draconian Transmuter)              Turns: 3893, Time: 00:01:34

Health: 0/42       AC:  2    Str: 14    XL:     5   Next: 23%
Magic:  6/8        EV: 20    Int: 13    God:
Gold:   127        SH:  0    Dex: 22    Spells: 1/9 levels left

rFire    . . .     SeeInvis .     - Unarmed
rCold    . . .     Faith    .   (shield currently unavailable)
rNeg     . . .     Spirit   .   (armour unavailable)
rPois    x         Reflect  .   (helmet currently unavailable)
rElec    .         Harm     .   (cloak currently unavailable)
rCorr    .         Rampage  .   (gloves currently unavailable)
Will     .....                  (boots currently unavailable)
Stlth    ++........             (no amulet)
HPRegen  0.14/turn              d - +6 ring of dexterity
MPRegen  0.11/turn              (no ring)

@: spider-form (expiring)
A: venomous fangs, AC +5, tiny, unfitting armour, (cold-blooded)
a: End Transformation


You were on level 3 of the Dungeon.
You were a venomous arachnid creature.
You visited 1 branch of the dungeon, and saw 4 of its levels.

You collected 127 gold pieces.

Inventory:

Missiles
 j - 8 atropa-tipped darts
Jewellery
 d - a +6 ring of dexterity (left front leg)
 k - an amulet of reflection
Wands
 h - a wand of iceblast (7)
 i - a wand of digging (4)
Scrolls
 e - a scroll of fog {unknown}
Potions
 a - a potion of flight
 b - a potion of cancellation {unknown}
 c - a potion of might {unknown}
 f - a potion of attraction {unknown}
 g - a potion of mutation {unknown}
 l - a potion of haste {unknown}


   Skills:
 + Level 2.3 Fighting
 + Level 2.5 Dodging
 * Level 4.1 Unarmed Combat
 + Level 2.5 Spellcasting
 * Level 3.1 Transmutations
 * Level 0.4 Ice Magic


You had one spell level left.
You knew the following spells:

 Your Spells              Type           Power      Damage    Failure   Level
a - Beastly Appendage     Tmut           18%        N/A       19%         1
b - Spider Form           Tmut/Pois      2%         N/A       58%         3
c - Ice Form              Ice/Tmut       6%         N/A       89%         4

Your spell library contained the following spells:

 Spells                   Type           Power      Damage    Failure   Level
 Wereblood                Tmut           9%         N/A       24%         2
 Hydra Form               Tmut           4%         N/A       96%         5


Dungeon Overview and Level Annotations

Branches:
Dungeon (4/15)
 Temple: D:4-7

Altars:


Innate Abilities, Weirdness & Mutations

You are a venomous arachnid creature.
You have poisonous fangs.
You are tiny and dextrous.
Your spellcasting is less reliable in this form.
Your armour is entirely melded.
You are incapable of wielding weapons or throwing items.
((Your plain brown scales are hard. (AC +5)))
You cannot fit into any form of body armour.
((You are cold-blooded and may be slowed by cold attacks.))


Message History

The black bear is poisoned.
The black bear bites you. The black bear claws you. x2
You hit the black bear but do no damage.
The black bear is lightly wounded.
Your transformation is almost over.
The black bear misses you.
The black bear claws you but does no damage.
The black bear barely misses you.
You hit the black bear.
The black bear looks as sick as possible!
The black bear is moderately wounded.
The black bear bites you but does no damage.
The black bear claws you. x2
You hit the black bear.
The black bear looks as sick as possible!
The black bear is heavily wounded.
The black bear barely misses you.
The black bear claws you but does no damage. x2
You hit the black bear.
The black bear is severely wounded.
The black bear goes berserk!
The black bear bites you! The black bear claws you.
The black bear closely misses you.
You climb upwards.
There is a stone staircase leading down here.
You hit the black bear.
The black bear looks as sick as possible!
The black bear is almost dead.
The black bear closely misses you. The black bear misses you.
The black bear barely misses you. The black bear bites you!
* * * LOW HITPOINT WARNING * * *
The black bear claws you.
* * * LOW HITPOINT WARNING * * *
The black bear barely misses you.
You hit the black bear.
The black bear looks as sick as possible!
The black bear is almost dead.
The black bear bites you.
* * * LOW HITPOINT WARNING * * *
The black bear claws you.
You die...

###'#####.##......#
#..))...#.##......#
#.......#.##......#
#.......#.##########
#.......#.# #..
#.......#.# #..
#.......#.# #..
###.h..##.########..
#s...'............
#....###########.#
#######......# #.#
#......###'#
#...........
#...........
######......
#####......
#..........


You could see a black bear (berserk, extremely poisoned).

Vanquished Creatures
  Jessica (D:2)
  An orc wizard (D:3)
  4 adders
  A worm (D:2)
  A dart slug (D:2)
  4 orcs (D:3)
  2 ball pythons (D:1)
  5 bats
  5 endoplasms
  A giant cockroach (D:2)
  8 goblins
  9 hobgoblins
  4 jackals (D:2)
  4 kobolds
  4 quokkas
  7 frilled lizards
  7 rats
68 creatures vanquished.

Vanquished Creatures (others)
  A kobold (D:3)
1 creature vanquished.

Grand Total: 69 creatures vanquished

Notes
Turn   | Place    | Note
-------+----------+-------------------------------------------
     0 | D:1      | kae the Draconian Transmuter began the quest for the Orb.
     0 | D:1      | Reached XP level 1. HP: 16/16 MP: 3/3
   218 | D:1      | Reached XP level 2. HP: 19/23 MP: 3/5
  1146 | D:2      | Reached XP level 3. HP: 27/27 MP: 4/6
  2064 | D:2      | Reached XP level 4. HP: 25/36 MP: 5/7
  2435 | D:2      | Noticed Jessica
  2443 | D:2      | Killed Jessica
  2997 | D:3      | Reached skill level 4 in Unarmed Combat
  3545 | D:3      | Learned a level 3 spell: Spider Form
  3550 | D:3      | Learned a level 4 spell: Ice Form
  3655 | D:3      | Reached XP level 5. HP: 28/41 MP: 2/8
  3878 | D:4      | Noticed a black bear
  3893 | D:3      | HP: 2/42 [black bear (4)]
  3893 | D:3      | Slain by a black bear

Illustrated notes

Levels and vault maps discovered:
D:1:      dpeg_arrival_rooms_b, layout_rooms, st_stairs_12,
          chequers_serial_rivers_micro_e, roderic_roman_lattice,
          serial_bayou_crossing
D:2:      layout_loops_ring, minmay_pentomino_s2, uniq_jessica
D:3:      layout_basic
D:4:      layout_basic, item_on_display_b

Skill      XL: |  1  2  3  4 |
---------------+-------------+-----
Dodging        | 2 |  2.5
Fighting       | 2 |  2.3
Transmutations | 3 |  3.1
Unarmed Combat | 4 |  4.1
Spellcasting   | |  2.5
Ice Magic      | |  0.4

Action                   |  1- 3 |  4- 6 || total
-------------------------+-------+-------++-------
Melee: Unarmed           |   139 |    95 ||   234
       Tailslap          |    11 |     5 ||    16
       Headbutt          |    10 |     2 ||    12
       Kick              |    17 |     7 ||    24
       Punch             |     1 |       ||     1
 Cast: Beastly Appendage |    22 |    14 ||    36
       Spider Form       |       |     2 ||     2
  Use: Scroll            |     2 |     1 ||     3
 Stab: Sleeping          |     1 |     1 ||     2
Armor: Skin              |    43 |    38 ||    81
Dodge: Dodged            |   106 |    56 ||   162

Table legend: (Time is in decaauts)
 A = Elapsed time spent in this place.
 B = Non-inter-level travel time spent in this place.
 C = Inter-level travel time spent in this place.
 D = Time resting spent in this place.
 E = Time spent auto-exploring this place.
 F = Levels seen in this place.
 G = Mean time per level.
                   A        B        C        D        E       F      G
               +--------+--------+--------+--------+--------+-----+--------+
         Total |   3889 |   3815 |     74 |    341 |   2973 |   4 |  972.2 |
       Dungeon |   3889 |   3815 |     74 |    341 |   2973 |   4 |  972.2 |
               +--------+--------+--------+--------+--------+-----+--------+

Top non-repeatable levels by time:
     D:2: 1498 daAuts
     D:3: 1218 daAuts
     D:1: 1161 daAuts
     D:4: 12 daAuts
